 Dungeon Sprint DCSS version 0.20.1-1-g8b1a95d (webtiles) character file.

1225 JustSomeDude the Imperceptible (level 8, -3/61 HPs)
             Began as a Vampire Assassin on Aug 26, 2017.
             Was a Follower of Dithmenos.
             Slain by Sonja
             ... wielding a +0 dagger of distortion
              (18 damage)
             ... in the Dungeon (Sprint I: "Red Sonja").
             The game lasted 00:02:47 (383 turns).

JustSomeDude the Imperceptible (Vampire Assassin)    Turns: 383, Time: 00:02:48

Health: -3/61      AC:  3    Str: 10    XL:     8   Next: 23%
Magic:  8/8        EV: 13    Int: 14    God:    Dithmenos [*.....]
Gold:   392        SH:  0    Dex: 17    Spells: 7/7 levels left

rFire    . . .     SeeInvis +   l - +2 dagger (drain)
rCold    . . .     Gourm    .   (no shield)
rNeg     + . .     Faith    .   c - +0 robe
rPois    .         Spirit   .   (no helmet)
rElec    .         Reflect  .   d - +0 cloak
rCorr    .         Harm     .   (no gloves)
MR       .....     NoTele   +   (no boots)
Stlth    +++++++++.             j - amulet of rage
Regen    0.2/turn               (no ring)
MPRegen  0.2/turn               (no ring)

@: berserk cooldown, slowed, wreathed by umbra, very slow
A: fangs 3, see invisible, unbreathing
a: Bat Form, Renounce Religion, Evoke Berserk Rage


You were in the Dungeon.
You worshipped Dithmenos.
Dithmenos was aware of your devotion.
You were not thirsty.

You visited 1 branch You collected 392 gold pieces.

Inventory:

Hand Weapons
 a - a +2 dagger
 b - a +0 blowgun
 l - a +2 dagger of draining (weapon)
Missiles
 e - 8 poisoned needles
 f - 2 curare-tipped needles
Armour
 c - a +0 robe (worn)
 d - a +0 cloak (worn)
 n - a +0 ring mail of fire resistance
Jewellery
 j - an amulet of rage (around neck)
Scrolls
 m - a scroll of blinking
Potions
 g - 3 potions of blood
 h - a potion of curing
 k - 2 potions of magic


   Skills:
 + Level 4.7 Fighting
 + Level 6.4 Short Blades
 + Level 4.6 Throwing
 + Level 3.1 Dodging
 + Level 21.7 Stealth
 + Level 0.6 Evocations


You had 7 spell levels left.
You didn't know any spells.

Dungeon Overview and Level Annotations

Branches:
Dungeon (1/1)

Altars:
Cheibriados
Dithmenos
Elyvilon
Fedhas
Gozag
Hepliaklqana
Kikubaaqudgha
Makhleb
Nemelex Xobeh
Okawaru
Qazlal
Ru
Sif Muna
Trog
Uskayaw
Vehumet
Xom
Yredelemnul
Zin
The Shining One
Jiyva
Lugonu

Shops:
D %

Annotations:
D Sonja


Innate Abilities, Weirdness & Mutations

You have razor-sharp teeth.
You have supernaturally acute eyesight. (SInv)
You can survive without breathing.


Message History

Sonja misses you. Sonja completely misses you.
Sonja shouts, "Hah!
Missed me again!"
Sonja closely misses you.
Sonja hits you with an uncursed dagger of distortion.
Space warps horribly around you!
* * * LOW HITPOINT WARNING * * *
Sonja hits you with an uncursed dagger of distortion.
* * * LOW HITPOINT WARNING * * *
You feel better.
Sonja hits you with an uncursed dagger of distortion.
You feel a strange sense of stasis. Sonja misses you.
Sonja hits you but does no damage.
Sonja hits you with an uncursed dagger of distortion.
* * * LOW HITPOINT WARNING * * *
You feel a strange sense of stasis. Sonja closely misses you.
Sonja hits you with an uncursed dagger of distortion.
* * * LOW HITPOINT WARNING * * *
You feel a strange sense of stasis. Sonja misses you. Sonja barely misses you.
Sonja hits you but does no damage. Space warps horribly around you!
You die...

#..'..#..'..#..'..'..#)..#
#..#####+#####'#__####...+ss#
#..#### #...#.#### #####ss+
#..#__####..##.# +##
#..#_____##'#..+
#⌠⌠#_.∩...'.(._#
####_..__##_.#'#
#_____###K#%# #########@###
+$..+ #$.(# ##.## #+#


You could see Sonja.

Vanquished Creatures
  2 kobold demonologists (D)
  A slime creature (D)
  Sigmund (D)
  A yak (D)
  A floating eye (D)
  An ogre (D)
  A jelly (D)
  Ijyb (D)
9 creatures vanquished.

Notes
Turn   | Place    | Note
-------+----------+-------------------------------------------
     0 | D        | JustSomeDude the Vampire Assassin began the quest for the Orb.
     0 | D        | Reached XP level 1. HP: 16/16 MP: 1/1
     1 | D        | Noticed Ijyb
     4 | D        | Killed Ijyb
     4 | D        | Reached skill level 9 in Stealth
     4 | D        | Reached XP level 2. HP: 23/23 MP: 2/2
    13 | D        | Noticed an ogre
    19 | D        | Killed an ogre
    19 | D        | Reached skill level 12 in Stealth
    19 | D        | Reached XP level 3. HP: 17/28 MP: 3/3
    19 | D        | Reached XP level 4. HP: 21/34 MP: 4/4
   197 | D        | Noticed Sigmund
   200 | D        | Killed Sigmund
   200 | D        | Reached skill level 15 in Stealth
   200 | D        | Reached XP level 5. HP: 41/41 MP: 5/5
   208 | D        | Found a deep blue altar of Sif Muna.
   210 | D        | Found a radiant altar of Vehumet.
   214 | D        | Reached skill level 16 in Stealth
   214 | D        | Reached XP level 6. HP: 48/48 MP: 6/6
   226 | D        | Found Liofuzes's Food Emporium.
   226 | D        | Found an ancient bone altar of Kikubaaqudgha.
   226 | D        | Found a hazy altar of Hepliaklqana.
   226 | D        | Found a stormy altar of Qazlal.
   226 | D        | Found a hide-covered altar of Uskayaw.
   226 | D        | Found a blossoming altar of Fedhas.
   226 | D        | Found a bloodstained altar of Trog.
   226 | D        | Found an iron altar of Okawaru.
   226 | D        | Found a basalt altar of Yredelemnul.
   226 | D        | Found a glowing golden altar of the Shining One.
   226 | D        | Found a snail-covered altar of Cheibriados.
   226 | D        | Found a sacrificial altar of Ru.
   226 | D        | Found a glowing silver altar of Zin.
   226 | D        | Found a shadowy altar of Dithmenos.
   226 | D        | Found a white marble altar of Elyvilon.
   226 | D        | Noticed a yak
   227 | D        | Found an opulent altar of Gozag.
   228 | D        | Killed a yak
   228 | D        | Reached skill level 5 in Short Blades
   228 | D        | Reached skill level 18 in Stealth
   229 | D        | Found a sparkling altar of Nemelex Xobeh.
   235 | D        | Became a worshipper of Dithmenos the Shadowed
   282 | D        | Found a burning altar of Makhleb.
   282 | D        | Found a shimmering altar of Xom.
   282 | D        | Noticed a slime creature
   283 | D        | Found a viscous altar of Jiyva.
   283 | D        | Found a corrupted altar of Lugonu.
   285 | D        | Killed a slime creature
   285 | D        | Reached skill level 19 in Stealth
   285 | D        | Reached XP level 7. HP: 54/54 MP: 7/7
   298 | D        | Noticed a kobold demonologist
   299 | D        | Noticed a kobold demonologist
   310 | D        | Killed a kobold demonologist
   310 | D        | Reached skill level 20 in Stealth
   314 | D        | Paralysed by a floating eye for 4 turns
   325 | D        | Killed a kobold demonologist
   325 | D        | Reached * piety under Dithmenos
   325 | D        | Reached skill level 21 in Stealth
   325 | D        | Reached XP level 8. HP: 61/61 MP: 8/8
   348 | D        | Noticed a demonic crawler
   348 | D        | Noticed a demonic crawler
   348 | D        | Noticed a demonic crawler
   348 | D        | Noticed a demonic crawler
   366 | D        | Noticed Sonja
   383 | D        | Slain by Sonja

Skill      XL: |  1  2  3  4  5  6  7  8 |
---------------+-------------------------+-----
Fighting       | 2 3 4 |  4.7
Throwing       | 2 3 4 |  4.6
Stealth        | 9 12 15 16 19 21 | 21.7
Short Blades   | 3 4 5 6 |  6.4
Dodging        | 2 3 |  3.1
Evocations     | |  0.6

Action                   |  1- 3 |  4- 6 |  7- 9 || total
-------------------------+-------+-------+-------++-------
Melee: Dagger            |     3 |     4 |    26 ||    33
       Bite              |     1 |       |     1 ||     2
 Abil: Evoke Berserk Rag |       |       |     2 ||     2
  Use: Potion            |     2 |       |     2 ||     4
 Stab: Sleeping          |     1 |     4 |       ||     5
Armor: Robe              |       |       |     7 ||     7
Dodge: Dodged            |       |       |    16 ||    16
